 Dungeon Crawl Stone Soup version 0.29.1-15-g9cfb28693d (webtiles) character file.

Game seed: 2042067276185806017

81 javelincjr the Trooper (level 4, -2/35 HPs)
             Began as a Demonspawn Abyssal Knight on Mar 24, 2023.
             Was a Believer of Lugonu.
             Slain by a gnoll
             ... wielding a +0 whip
              (6 damage)
             ... on level 3 of the Dungeon.
             The game lasted 00:08:18 (2638 turns).

javelincjr the Trooper (Demonspawn Abyssal Knight)  Turns: 2638, Time: 00:08:18

Health: -2/35      AC:  6    Str: 13    XL:     4   Next: 20%
Magic:  5/6        EV: 11    Int: 13    God:    Lugonu [**....]
Gold:   32         SH:  0    Dex: 14    Spells: 3/3 levels left

rFire   . . .      SeeInvis .   o - +4 dagger
rCold   . . .      Faith    .   (no shield)
rNeg    . . .      Spirit   .   b - +0 leather armour
rPois   .          Reflect  .   (no helmet)
rElec   .          Harm     .   (no cloak)
rCorr   .          Rampage  .   (no gloves)
Will    .....                   (no boots)
Stlth   +.........              (no amulet)
HPRegen 0.11/turn               (no ring)
MPRegen 0.10/turn               (no ring)

@: no status effects
A: hooves 1, thin metallic scales 2
a: Renounce Religion, Depart the Abyss, Bend Space


You were on level 3 of the Dungeon.
You worshipped Lugonu.
Lugonu was pleased with you.
You visited 1 branch of the dungeon, and saw 3 of its levels.
You visited the Abyss 1 time.

You collected 156 gold pieces.
You spent 124 gold pieces at shops.

Inventory:

Hand Weapons
 a - a +1 hand axe
 n - a +0 dagger of protection
 o - a +4 dagger (weapon)
Armour
 b - a +0 leather armour (worn)
Scrolls
 j - a scroll of amnesia {unknown}
 l - a scroll of vulnerability {unknown}
 p - a scroll of blinking {unknown}
 q - a scroll of magic mapping
 r - a scroll of immolation {unknown}
Potions
 c - 2 potions of attraction {unknown}
 d - a potion of invisibility {unknown}
 e - a potion of degeneration {unknown}
 f - 2 potions of might
 g - 3 potions of flight {unknown}
 h - a potion of haste {unknown}
 i - a potion of ambrosia {unknown}
 k - a potion of cancellation {unknown}
 m - 2 potions of lignification {unknown}


   Skills:
 + Level 3.5 Fighting
 + Level 2.3 Axes
 + Level 2.4 Armour
 + Level 1.7 Dodging
 + Level 3.3 Invocations


You had 3 spell levels left.
You didn't know any spells.
Your spell library contained the following spells:

 Spells                   Type           Power      Damage    Failure   Level
 Shock                    Conj/Air       0%         1d3       36%         1
 Swiftness                Air            0%         N/A       75%         3
 Airstrike                Air            0%         2d(0-16)  98%         4


Dungeon Overview and Level Annotations

Branches:
Dungeon (3/15)

Altars:
Dithmenos
Yredelemnul

Shops:
D:1 =   D:2 *


Innate Abilities, Weirdness & Mutations

You have large cloven feet.
You are mostly covered in thin metallic scales. (AC +3)


Message History

The gnoll shouts! x3
A gnoll comes into view. It is wielding a +0 whip.
The gnoll hits you but does no damage.
The gnoll shouts!
You hit the gnoll but do no damage. Your kick misses the gnoll.
The gnoll barely misses you.
A gnoll comes into view. It is wielding a +0 whip.
A rat comes into view.
The gnoll hits you with a +0 whip. The gnoll hits you with a +0 club.
You barely miss the gnoll. You kick the gnoll.
The gnoll is lightly wounded.
The gnoll barely misses you. The gnoll hits you with a +0 whip.
The gnoll closely misses you. The gnoll misses you.
An endoplasm comes into view.
You hit the gnoll but do no damage.
The gnoll is lightly wounded.
The gnoll barely misses you.
The gnoll hits you from afar with a +0 halberd.
The gnoll hits you but does no damage. The gnoll barely misses you.
The gnoll hits you with a +0 whip. The gnoll attacks as you move away!
The gnoll hits you but does no damage.
You hit the gnoll but do no damage. You kick the gnoll.
The gnoll is moderately wounded.
The gnoll hits you from afar with a +0 spear.
The gnoll closely misses you.
You closely miss the gnoll. You kick the gnoll, but do no damage.
The gnoll is moderately wounded.
The gnoll barely misses you. The gnoll hits you with a +0 whip.
* * * LOW HITPOINT WARNING * * *
The gnoll attacks as you move away! The gnoll barely misses you.
The gnoll attacks as you move away! The gnoll hits you with a +0 whip.
* * * LOW HITPOINT WARNING * * *
Space bends violently around you!
You blink.
The rat twitches its whiskers.
The gnoll attacks as you move away! The gnoll hits you with a +0 whip.
* * * LOW HITPOINT WARNING * * *
Found 16 gold pieces.
Found a whip.
The gnoll attacks as you move away! The gnoll hits you with a +0 whip.
You die...

..........#...#.....
.........###..##.#..
.....)....#...##.###
######...##.#####.# ..#
#...#### #.# #.# #...#
#.# #.# #...# #..
#.####...# ##.
#..g@....#
#$#####g####..##
#.......####..#
####.#.....#..##### #
#....##ggr.....# #.#
##.#.##...g.##.#
###....
#.#......#.##.##ggJ....
.)#####...g...g.ggr§≈.≈
.## #..##.#.##gg..≈.≈


You could see 2 gnolls.

Vanquished Creatures
  2 adders (D:2)
  A dart slug (D:1)
  6 bats
  8 endoplasms
  2 goblins
  2 hobgoblins (D:1)
  8 jackals
  3 quokkas (D:1)
  5 ball pythons
  3 frilled lizards
  6 kobolds
  11 rats
57 creatures vanquished.

Notes
Turn   | Place    | Note
-------+----------+-------------------------------------------
     0 | Abyss:1  | javelincjr the Demonspawn Abyssal Knight began the quest
                  | for the Orb.
     0 | Abyss:1  | Reached XP level 1. HP: 18/18 MP: 2/2
     3 | Abyss:1  | Found a corrupted altar of Lugonu.
    35 | Abyss:2  | Noticed a wretched star
    44 | D:1      | Escaped the Abyss
   135 | D:1      | Reached skill level 1 in Dodging
   157 | D:1      | Reached ** piety under Lugonu
   161 | D:1      | Gained mutation: You have large cloven feet. [demonic
                  | ancestry]
   161 | D:1      | Reached XP level 2. HP: 21/24 MP: 4/4
   326 | D:1      | Found Uzxiog's Jewellery Emporium.
   511 | D:1      | Gained mutation: You are partially covered in thin metallic
                  | scales. (AC +2) [demonic ancestry]
   511 | D:1      | Reached XP level 3. HP: 4/29 MP: 5/5
  1303 | D:2      | Found a shadowy altar of Dithmenos.
  2011 | D:2      | Gained mutation: You are mostly covered in thin metallic
                  | scales. (AC +3) [demonic ancestry]
  2011 | D:2      | Reached XP level 4. HP: 14/35 MP: 6/6
  2200 | D:2      | Found Ighodghom's Assorted Antiques.
  2205 | D:2      | Bought a scroll labelled GUCO KIUKHLUAKH for 26 gold pieces
  2205 | D:2      | Bought a viscous pink potion for 23 gold pieces
  2205 | D:2      | Bought a brown potion for 23 gold pieces
  2205 | D:2      | Bought a scroll labelled HAIRUXTINT for 26 gold pieces
  2205 | D:2      | Bought a scroll labelled ITHUPP SAFIX for 26 gold pieces
  2613 | D:3      | Found a basalt altar of Yredelemnul.
  2638 | D:3      | Slain by a gnoll

Illustrated notes

Levels and vault maps discovered:
D:1:      giann_horns, layout_rooms, serial_shops, nicolae_shop_trees,
          minmay_misc_feat_x, minmay_misc_feat_alley, minmay_rat_gold_closets
D:2:      layout_loops_ring, basic_altar, serial_shops, shop_statue,
          grunt_decor_cap, amcnicky_mini_corridor_feature
D:3:      layout_loops_cross, mainiacjoe_overflow_catwalk,
          mainiacjoe_overflow_small_starburst, gammafunk_ghost_nasty_kobolds

Skill      XL: |  1  2 |
---------------+-------+-----
Dodging        | 1 |  1.7
Axes           | 2 |  2.3
Armour         | 2 |  2.4
Invocations    | 3 |  3.3
Fighting       | |  3.5

Action                   |  1- 3 |  4- 6 || total
-------------------------+-------+-------++-------
Melee: Hand axe          |   106 |       ||   106
       Kick              |    24 |     5 ||    29
       Dagger            |    45 |    19 ||    64
Invok: Depart the Abyss  |     1 |       ||     1
       Bend Space        |       |     1 ||     1
  Use: Scroll            |     4 |       ||     4
 Stab: Sleeping          |     3 |     1 ||     4
Armor: Leather armour    |    47 |     6 ||    53
Dodge: Dodged            |   108 |    17 ||   125
